 Dungeon Sprint DCSS version 0.26-a0-163-g6c8a0bf695 (webtiles) character file.

Game seed: 12055021536064798129

179 Freyura the Skirmisher (level 5, -11/48 HPs)
             Began as a Demonspawn Gladiator on July 3, 2020.
             Killed by nerve-wracking pain
             ... invoked by an orc priest
              (12 damage)
             ... in the Dungeon (Sprint IX: "|||||||||||||||||||||||||||||").
             The game lasted 00:00:52 (134 turns).

Freyura the Skirmisher (Demonspawn Gladiator)        Turns: 134, Time: 00:00:53

Health: -11/48     AC:  4    Str: 15    XL:     5   Next: 33%
Magic:  5/5        EV: 14    Int:  9    God:
Gold:   0          SH:  0    Dex: 15    Spells: 4/4 levels left

rFire    . . .     SeeInvis .   a - +0 quarterstaff
rCold    . . .     Faith    .   (shield currently unavailable)
rNeg     . . .     Spirit   .   b - +0 leather armour
rPois    .         Reflect  .   (helmet restricted)
rElec    .         Harm     .   (no cloak)
rCorr    .         NoTele   +   (no gloves)
MR       .....                  (no boots)
Stlth    +.........             (no amulet)
HPRegen  0.16/turn              (no ring)
MPRegen  0.09/turn              (no ring)

@: berserk cooldown, slowed, very slow
A: horns 1, rugged brown scales 1
a: no special abilities


You were in the Dungeon.
You were not hungry.

You visited 1 branch

Inventory:

Hand Weapons
 a - a +0 quarterstaff (weapon)
Missiles
 d - 3 throwing nets (quivered)
Armour
 b - a +0 leather armour (worn)
 c - a +0 helmet
Scrolls
 k - a scroll of blinking
Potions
 h - a potion of haste
 i - 2 potions of magic
Comestibles
 f - a ration
 l - 3 chunks of flesh


   Skills:
 * Level 6.6 Fighting
 * Level 6.4 Staves
 - Level 1.7 Throwing
 + Level 3.8 Armour
 + Level 4.9 Dodging


You had 4 spell levels left.
You didn't know any spells.
Your spell library was empty.

Dungeon Overview and Level Annotations

Branches:
Dungeon (1/1)

Altars:


Innate Abilities, Weirdness & Mutations

You have a pair of small horns on your head.
You are partially covered in rugged brown scales. (AC +1, +3% HP)


Message History

You headbutt the orc priest.
The orc priest is moderately wounded.
The orc priest hits you but does no damage.
You hit the orc priest. You headbutt the orc priest.
The orc priest is severely wounded.
The orc priest hits you but does no damage.
You barely miss the orc priest. Your headbutt misses the orc priest.
The orc priest is severely wounded.
The orc priest hits you with a +0 hand axe.
* * * LOW HITPOINT WARNING * * *
The orc priest misses you.
You barely miss the orc priest.
The orc priest is severely wounded.
The orc priest hits you with a +0 hand axe.
* * * LOW HITPOINT WARNING * * *
You hit the orc priest but do no damage.
The orc priest is severely wounded.
The orc priest invokes the aid of Beogh against you.
Pain shoots through your body!
You die... ▓▓▓▓▓▓▓▓▓▓▓▓▓▓▓▓▓▓ ▓<...')....@o....+ ▓▓▓▓▓▓▓▓▓▓▓▓▓▓▓▓▓▓

You could see an orc priest.

Vanquished Creatures
  A sky beast (D)
  A scorpion (D)
  A hound (D)
  A leopard gecko (D)
  A ball python (D)
  A giant cockroach (D)
  A goblin (D)
  A hobgoblin (D)
  A rat (D)
9 creatures vanquished.

Notes
Turn   | Place    | Note
-------+----------+-------------------------------------------
     0 | D        | Freyura the Demonspawn Gladiator began the quest for the
                  | Orb.
     0 | D        | Reached XP level 1. HP: 16/16 MP: 1/1
    19 | D        | Reached skill level 1 in Armour
   109 | D        | Noticed a sky beast
   109 | D        | Noticed a hound
   109 | D        | Noticed a scorpion
   109 | D        | Noticed an orc priest
   118 | D        | Killed a sky beast
   118 | D        | Reached skill level 5 in Fighting
   118 | D        | Reached skill level 5 in Staves
   118 | D        | Gained mutation: You are partially covered in rugged brown
                  | scales. (AC +1, +3% HP) [demonic ancestry]
   118 | D        | Reached XP level 2. HP: 12/27 MP: 2/2
   118 | D        | Reached XP level 3. HP: 15/33 MP: 3/3
   118 | D        | Reached XP level 4. HP: 18/40 MP: 4/4
   124 | D        | Gained mutation: You have a pair of small horns on your
                  | head. [demonic ancestry]
   124 | D        | Reached XP level 5. HP: 13/48 MP: 5/5
   133 | D        | HP: 1/48 [orc priest/+0 hand axe (5)]
   134 | D        | Killed from afar by an orc priest

Illustrated notes

Levels and vault maps discovered:
D:        linesprint [early_d, line_temple, items_1, d_10, items_2, lair_1,
          lair_end, items_3, orc_1, orc_end, items_4, d_15, swamp_1, shoals_1,
          snake_1, spider_1, d_20, vaults_1, items_5, swamp_end, shoals_end,
          snake_end, spider_end, vaults_end, d_27, items_6, zot_1, zot_end,
          crypt_end, forest_end, elf_end, slime_end, tomb_end, abyss_end,
          pan_hell_end]

Skill      XL: |  1  2  3  4 |
---------------+-------------+-----
Staves         | 5 6 |  6.4
Armour         | 3 |  3.8
Dodging        | 4 |  4.9
Fighting       | 5 6 |  6.6
Throwing       | |  1.7

Action                   |  1- 3 |  4- 6 || total
-------------------------+-------+-------++-------
Melee: Quarterstaff      |    23 |    13 ||    36
       Headbutt          |       |     2 ||     2
  Use: Potion            |     1 |     2 ||     3
Armor: Leather armour    |     3 |     2 ||     5
Dodge: Dodged            |    12 |     3 ||    15

Table legend:
 A = Non-vault XP
 B = Vault XP
 C = Vault XP percentage of total XP
 D = Non-vault monster count
 E = Vault monster count
 F = Vault count percentage of total count
                 A         B        C        D         E       F
            +---------+---------+-------+---------+---------+-------
      Total |       0 |     257 | 100.0 |       0 |       9 | 100.0
            +---------+---------+-------+---------+---------+-------
          D |       0 |     257 | 100.0 |       0 |       9 | 100.0
            +---------+---------+-------+---------+---------+-------
